 Dungeon Crawl Stone Soup version 0.26-a0-1033-gd598b01645 (webtiles) character file.

Game seed: 13858745296581810240

743 pablito the Insei (level 7, -2/43 HPs)
             Began as an Octopode Transmuter on Dec 10, 2020.
             Was a Follower of Ru.
             Slain by a gnoll
             ... wielding a +0 halberd
              (11 damage)
             ... on level 5 of the Dungeon.
             The game lasted 00:19:03 (5798 turns).

pablito the Insei (Octopode Transmuter)             Turns: 5798, Time: 00:19:04

Health: -2/43      AC:  2    Str: 10    XL:     7   Next: 76%
Magic:  9/12       EV: 24    Int: 15    God:    Ru [*.....]
Gold:   262        SH:  0    Dex: 25    Spells: 9/13 levels left

rFire    . . .     SeeInvis .     - Unarmed
rCold    . . .     Faith    +   (shield currently unavailable)
rNeg     . . .     Spirit   .   (helmet currently unavailable)
rPois    x         Reflect  .   a - amulet of faith
rElec    .         Harm     .   c - +6 ring of dexterity
rCorr    .         Rampage  .   n - +4 ring of evasion (curse)
Will     .....                  (no ring)
Stlth    ++........             (no ring)
HPRegen  0.14/turn              (no ring)
MPRegen  0.13/turn              (no ring)
                                (no ring)
                                (no ring)

@: spider-form
A: tiny, almost no armour, stealthy swim, (amphibious), 8 rings, (constrict 8),
no hexes magic, no ice magic, no necromancy magic
a: End Transformation, Renounce Religion


You were on level 5 of the Dungeon.
You worshipped Ru.
Ru was aware of your devotion.
You were a venomous arachnid creature.
You visited 1 branch of the dungeon, and saw 5 of its levels.

You collected 347 gold pieces.
You spent 85 gold pieces at shops.

Inventory:

Missiles
 h - 20 poisoned darts (quivered)
Jewellery
 a - an amulet of faith (around neck)
 c - a +6 ring of dexterity (left front leg)
 n - a cursed +4 ring of evasion (right front leg)
Wands
 k - a wand of digging (7)
Scrolls
 b - 5 scrolls of teleportation
 f - 3 scrolls of fear
 g - a scroll of noise {unknown}
 i - 3 scrolls of amnesia {unknown}
 l - a scroll of immolation {unknown}
 q - a scroll of identify
 r - a scroll of remove curse
Potions
 d - 2 potions of might {unknown}
 e - 3 potions of curing
 j - a potion of lignification
 m - a potion of magic {unknown}
 o - 3 potions of haste
 p - 2 potions of mutation


   Skills:
 - Level 1.0 Fighting
 - Level 2.0 Dodging
 + Level 3.4 Shields
 * Level 5.2 Unarmed Combat
 + Level 3.9 Spellcasting
 * Level 4.6 Transmutations
 + Level 2.1 Poison Magic


You had 9 spell levels left.
You knew the following spells:

 Your Spells              Type           Power        Failure   Level
a - Beastly Appendage     Tmut           ###...       10%         1
b - Spider Form           Tmut/Pois      ##........   32%         3

Your spell library contained the following spells:

 Spells                   Type           Power        Failure   Level
 Wereblood                Tmut           ###.....     13%         2
 Foxfire                  Conj/Fire      #...         38%         1
 Magic Dart               Conj           #...         38%         1
 Blink                    Tloc           N/A          50%         2
 Call Imp                 Summ           #.......     50%         2
 Mephitic Cloud           Conj/Pois/Air  #.......     61%         3
 Conjure Flame            Conj/Fire      #.......     71%         3
 Blade Hands              Tmut           ###.......   78%         5
 Sticky Flame             Conj/Fire      #.......     96%         4
 Fireball                 Conj/Fire      #.........   100%        5
 Slow                     Hex            Unusable     N/A         2
 Inner Flame              Hex/Fire       Unusable     N/A         3
 Ice Form                 Ice/Tmut       Unusable     N/A         4

Dungeon Overview and Level Annotations

Branches:
Dungeon (5/15)
 Temple: D:4-7

Altars:
Dithmenos
Elyvilon
Ru
Vehumet
Yredelemnul

Shops:
D:4 *

Annotations:
D:5 exclusion: statue


Innate Abilities, Weirdness & Mutations

You cannot wear most types of armour.
You are very stealthy in the water. (Stealth+)
((You are amphibious.))
You can wear up to eight rings at the same time.
((You can use your tentacles to constrict eight enemies at once.))
((Your skin changes colour to match your surroundings (Stealth+).))
((Your rubbery body absorbs attacks. (AC +1, EV +1)))
You cannot study or cast Hexes magic.
You cannot study or cast Ice magic.
You cannot study or cast Necromancy magic.


Message History

You feel better. The gnoll closely misses you.
Casting: Spider Form (dangerous; 14% risk of failure)
Confirm with . or Enter, or press ? or * to list all spells.
You turn into a venomous arachnid creature.
The gnoll completely misses you.
A gnoll comes into view. It is wielding a +0 flail.
The gnoll shouts!
You hear a shout!
The gnoll completely misses you.
The gnoll hits you from afar with a +0 halberd!
* * * LOW HITPOINT WARNING * * *
Casting: Spider Form (quite dangerous; 32% risk of failure)
Confirm with . or Enter, or press ? or * to list all spells.
You don't know that spell.
You feel better. The gnoll barely misses you.
You hit the gnoll but do no damage.
The gnoll is poisoned.
The gnoll misses you. The gnoll hits you with a +0 spear.
* * * LOW HITPOINT WARNING * * *
You feel better.
The gnoll hits you from afar with a +0 halberd!
You die...

.........##..##..................
.#.#.#.#.#......#.#.#............
.........###............<.>......
.#.#.#.#.....#..#.#.#............
..........####.........[.........
#.........# ##.#.#.#............
########### #................##
##...#...#.......##
#s##...##...#....#
################g##...##...##....
................g................
≈≈≈≈≈≈≈≈≈≈≈≈≈≈≈....≈≈≈≈≈≈≈≈≈≈≈≈≈≈
≈≈≈≈≈≈≈≈≈≈≈≈≈≈≈..g.≈≈≈≈≈≈≈≈≈≈≈≈≈≈
###≈≈≈≈≈≈≈≈≈≈≈≈....≈≈≈≈≈$≈≈≈≈≈≈##
..#....................)(......#.
g.#############''''#############.
#'# #....# #g


You could see 3 gnolls.

Vanquished Creatures
  A howler monkey (D:5)
  A bullfrog zombie (D:2)
  A hound (D:5)
  A jelly (D:5)
  An orc priest (D:5)
  A bullfrog skeleton (D:4)
  An iguana (D:5)
  5 worker ants
  2 worker ant zombies (D:5)
  4 adders (D:3)
  19 gnolls
  A shadow imp (D:5)
  A white imp (D:5)
  3 oozes
  An adder skeleton (D:4)
  4 worms
  A dart slug (D:1)
  3 leopard geckos
  7 orcs
  A ball python (D:3)
  2 giant cockroaches
  6 goblins
  5 hobgoblins
  28 jackals
  2 quokkas
  12 bats
  7 frilled lizards
  A jackal skeleton (D:4)
  A jackal zombie (D:3)
  6 kobolds
  A quokka skeleton (D:4)
  A quokka zombie (D:5)
  10 rats
141 creatures vanquished.

Notes
Turn   | Place    | Note
-------+----------+-------------------------------------------
     0 | D:1      | pablito the Octopode Transmuter began the quest for the
                  | Orb.
     0 | D:1      | Reached XP level 1. HP: 13/13 MP: 3/3
   118 | D:1      | Reached XP level 2. HP: 14/18 MP: 5/5
   341 | D:1      | Reached skill level 1 in Shields
   344 | D:1      | Reached XP level 3. HP: 20/23 MP: 6/6
   825 | D:1      | Learned a level 3 spell: Spider Form
  1560 | D:2      | Reached XP level 4. HP: 17/28 MP: 4/8
  1726 | D:2      | Reached XP level 5. HP: 19/33 MP: 5/9
  2937 | D:3      | Reached skill level 4 in Unarmed Combat
  3462 | D:3      | Reached XP level 6. HP: 35/38 MP: 4/10
  3957 | D:4      | Found Vimasa's Assorted Antiques.
  3972 | D:4      | Bought a dented blue amulet for 85 gold pieces
  4300 | D:4      | Found a sacrificial altar of Ru.
  4308 | D:4      | Became a worshipper of Ru the Awakened
  4315 | D:4      | Found a white marble altar of Elyvilon.
  4317 | D:4      | Found a basalt altar of Yredelemnul.
  4320 | D:4      | Found a shadowy altar of Dithmenos.
  4408 | D:5      | Entered Level 5 of the Dungeon
  4625 | D:5      | Reached skill level 1 in Poison Magic
  4625 | D:5      | Reached XP level 7. HP: 34/43 MP: 9/12
  4872 | D:5      | Reached skill level 5 in Unarmed Combat
  5635 | D:5      | Found a radiant altar of Vehumet.
  5769 | D:5      | Gained mutation: You cannot study or cast Ice magic. [Ru
                  | sacrifice]
  5769 | D:5      | Gained mutation: You cannot study or cast Hexes magic. [Ru
                  | sacrifice]
  5769 | D:5      | Gained mutation: You cannot study or cast Necromancy magic.
                  | [Ru sacrifice]
  5769 | D:5      | Reached * piety under Ru
  5795 | D:5      | HP: 3/43 [gnoll/+0 halberd (13)]
  5798 | D:5      | Slain by a gnoll

Illustrated notes

Levels and vault maps discovered:
D:1:      sevenhm_arrival_forest_fort_small_4, layout_loops_ring, serial_forest,
          infiniplex_forest_lined_corner, infiniplex_forest_clump_small,
          infiniplex_forest_lined_room_2, infiniplex_forest_lined_room_2,
          infiniplex_forest_straight_1, infiniplex_forest_lined_room_2,
          minmay_3d_cube
D:2:      layout_basic, chequers_serial_rivers_small_a
D:3:      layout_basic, minmay_divided_ellipse
D:4:      layout_cave_pools, nicolae_ru_sacrificial_ziggurat,
          grunt_temple_overflow_open, serial_glass, glass_columns_a,
          glass_columns_a, feat_on_display, feat_on_display, feat_on_display,
          serial_shops, nicolae_shop_statue_plus
D:5:      lemuel_castle_with_subvaults [lemuel_castle_interior_carwin_3],
          layout_cave_pools, vehumet_statue, serial_glass, glass_columns_a,
          glass_columns_c, glass_columns_c, glass_columns_b, glass_columns_b,
          glass_columns_b, glass_columns_a, glass_columns_a, glass_columns_a,
          glass_columns_a, glass_columns_a, glass_columns_b, glass_columns_b,
          glass_columns_b

Skill      XL: |  1  2  3  4  5  6  7 |
---------------+----------------------+-----
Shields        | 1 2 3 |  3.4
Transmutations | 3 4 |  4.6
Spellcasting   | 3 |  3.9
Unarmed Combat | 4 5 |  5.2
Poison Magic   | 1 2 |  2.1
Fighting       | |  1.0
Dodging        | |  2.0

Action                   |  1- 3 |  4- 6 |  7- 9 || total
-------------------------+-------+-------+-------++-------
Melee: Unarmed           |    93 |   158 |    94 ||   345
       Kick              |    12 |     5 |       ||    17
       Constrict         |    18 |    13 |     6 ||    37
       Tentacles         |     5 |    12 |     6 ||    23
       Punch             |     1 |     3 |     1 ||     5
Throw: Dart              |       |    87 |    13 ||   100
 Cast: Beastly Appendage |     9 |     1 |       ||    10
       Spider Form       |     4 |    15 |     9 ||    28
Invok: Sacrifice Arcana  |       |       |     1 ||     1
Evoke: Wand              |       |     1 |       ||     1
  Use: Scroll            |       |     6 |     2 ||     8
       Potion            |       |       |     3 ||     3
 Stab: Sleeping          |     3 |     4 |     1 ||     8
Armor: Skin              |    13 |    13 |     2 ||    28
Dodge: Dodged            |    64 |   138 |    92 ||   294

Table legend: (Time is in decaauts)
 A = Elapsed time spent in this place.
 B = Non-inter-level travel time spent in this place.
 C = Inter-level travel time spent in this place.
 D = Time resting spent in this place.
 E = Time spent auto-exploring this place.
 F = Levels seen in this place.
 G = Mean time per level.
                   A        B        C        D        E       F      G
               +--------+--------+--------+--------+--------+-----+--------+
         Total |   5772 |   5693 |     79 |    642 |   3907 |   5 | 1154.4 |
       Dungeon |   5772 |   5693 |     79 |    642 |   3907 |   5 | 1154.4 |
               +--------+--------+--------+--------+--------+-----+--------+

Top non-repeatable levels by time:
     D:1: 1367 daAuts
     D:5: 1197 daAuts
     D:2: 1191 daAuts
     D:3: 1091 daAuts
     D:4: 924 daAuts
